 Dungeon Crawl Stone Soup version 0.26.1-2-gb8aa6d0cf2 (webtiles) character file.

Game seed: 156488832560935374

687 Gadfly the Cudgeller (level 7, -6/67 HPs)
             Began as a Troll Artificer on Feb 24, 2021.
             Mangled by Prince Ribbit (12 damage)
             ... on level 5 of the Dungeon.
             The game lasted 00:07:44 (5141 turns).

Gadfly the Cudgeller (Troll Artificer)              Turns: 5141, Time: 00:07:45

Health: -6/67      AC:  3    Str: 24    XL:     7   Next: 35%
Magic:  6/6        EV: 10    Int:  7    God:
Gold:   147        SH:  0    Dex: 11    Spells: 6/6 levels left

rFire    + + .     SeeInvis .   b - +1 dagger (venom)
rCold    . . .     Faith    .   (no shield)
rNeg     . . .     Spirit   .   m - +0 robe
rPois    .         Reflect  .   (helmet restricted)
rElec    .         Harm     .   o - +0 cloak
rCorr    .         Rampage  .   (gloves unavailable)
Will     .....                  (boots unavailable)
Stlth    +.........             (no amulet)
HPRegen  0.61/turn              l - ring of protection from fire
MPRegen  0.10/turn              i - -4 ring of protection (curse)

@: no status effects
A: large, unfitting armour, claws 3, fire resistance 1, high mp 1, regeneration
1, shaggy fur 1, strong 1, tough skin 3
a: no special abilities


You were on level 5 of the Dungeon.
You visited 1 branch of the dungeon, and saw 5 of its levels.

You collected 147 gold pieces.

Inventory:

Hand Weapons
 a - a +0 flail
 b - a +1 dagger of venom (weapon)
 h - a +1 short sword of freezing
Armour
 m - a +0 robe (worn)
 o - a +0 cloak (worn)
Jewellery
 i - a cursed -4 ring of protection (right claw)
 l - a ring of protection from fire (left claw)
Wands
 c - a wand of flame (15) (quivered)
 d - a wand of enslavement (15)
 e - a wand of random effects (15)
Scrolls
 g - a scroll of teleportation
 j - a scroll of blinking
 q - a scroll of fog
 r - 2 scrolls of identify
 s - a scroll of enchant weapon
 t - 3 scrolls of remove curse
 v - a scroll of magic mapping {unknown}
 w - a scroll of enchant armour {unknown}
Potions
 f - 2 potions of flight
 k - a potion of lignification
 n - 2 potions of curing {unknown}
 p - a potion of mutation
 u - a potion of ambrosia {unknown}
 x - 2 potions of degeneration {unknown}


   Skills:
 * Level 3.4 Fighting
 * Level 3.9 Maces & Flails
 * Level 3.5 Armour
 - Level 1.9 Dodging
 - Level 0.3 Stealth
 + Level 2.9 Evocations


You had 6 spell levels left.
You didn't know any spells.
Your spell library contained the following spells:

 Spells                   Type           Power        Failure   Level
 Corona                   Hex            0%           43%         1
 Ensorcelled Hibernation  Hex/Ice        0%           56%         2
 Confusing Touch          Hex            0%           80%         3
 Dazzling Flash           Conj/Hex       0%           80%         3
 Tukima's Dance           Hex            0%           80%         3


Dungeon Overview and Level Annotations

Branches:
Dungeon (5/15)
 Temple: D:4-7

Altars:
Okawaru
Sif Muna
Yredelemnul
The Shining One

Annotations:
D:5 Prince Ribbit


Innate Abilities, Weirdness & Mutations

You are too large for most types of armour.
You have claws for hands.
Your natural rate of healing is unusually fast.
You are covered in fur. (AC +1)
You have extremely tough skin. (AC +3)
Your flesh is heat resistant. (rF+)
You have an increased reservoir of magic. (+10% MP)
Your muscles are strong. (Str +2)


Message History

You are too injured to fight recklessly!
You are too injured to fight recklessly!
Unknown command.
You miss Prince Ribbit. Prince Ribbit barely misses you.
You miss Prince Ribbit.
Prince Ribbit hits you but does no damage.
Prince Ribbit hits you!
You closely miss Prince Ribbit.
Prince Ribbit hits you but does no damage.
You hit Prince Ribbit.
Prince Ribbit is lightly wounded.
Prince Ribbit hits you!
* * * LOW HITPOINT WARNING * * *
An orc comes into view. It is wielding a +0 club.
You barely miss Prince Ribbit.
Prince Ribbit is lightly wounded.
Prince Ribbit hits you!
* * * LOW HITPOINT WARNING * * *
Prince Ribbit hits you!
You die...

###############o..
#........@Fo......
#.#########Z...... #.#
....... #.# .>..... #.#
....... ##.# .......
#####..### .......
#........#######.......
#....####..........


You could see Prince Ribbit, 2 orcs and a leopard gecko skeleton.

Vanquished Creatures
  2 ogres
  A scorpion (D:4)
  4 hounds (D:4)
  An orc priest (D:5)
  4 worker ants
  A gnoll (D:1)
  3 adders
  3 oozes
  6 worms
  4 dart slugs
  6 leopard geckos
  16 orcs
  A ball python (D:5)
  15 bats
  4 giant cockroaches
  12 goblins
  12 hobgoblins
  5 jackals
  13 kobolds
  5 quokkas
  A frilled lizard (D:4)
  A jackal skeleton (D:4)
  9 rats
129 creatures vanquished.

Vanquished Creatures (others)
  14 plants (D:2)
14 creatures vanquished.

Grand Total: 143 creatures vanquished

Notes
Turn   | Place    | Note
-------+----------+-------------------------------------------
     0 | D:1      | Gadfly the Troll Artificer began the quest for the Orb.
     0 | D:1      | Reached XP level 1. HP: 18/18 MP: 0/0
    93 | D:1      | Reached skill level 1 in Fighting
   103 | D:1      | Reached XP level 2. HP: 8/27 MP: 1/1
   113 | D:1      | Reached skill level 1 in Maces & Flails
   170 | D:1      | Reached skill level 1 in Armour
   238 | D:1      | Reached XP level 3. HP: 19/33 MP: 2/2
  1306 | D:2      | Reached XP level 4. HP: 39/41 MP: 3/3
  2640 | D:2      | Reached XP level 5. HP: 13/49 MP: 4/4
  2910 | D:3      | Found a faded altar of an unknown god.
  3723 | D:3      | Found a glowing golden altar of the Shining One.
  3736 | D:3      | Found a shimmering blue altar of Sif Muna.
  3740 | D:3      | Gained mutation: Your muscles are strong. (Str +2) [potion
                  | of mutation]
  3740 | D:3      | Gained mutation: You have an increased reservoir of magic.
                  | (+10% MP) [potion of mutation]
  3740 | D:3      | Gained mutation: Your flesh is heat resistant. (rF+)
                  | [potion of mutation]
  3862 | D:4      | Noticed an ogre
  3870 | D:4      | Killed an ogre
  3871 | D:4      | Reached XP level 6. HP: 25/59 MP: 5/5
  4587 | D:5      | Entered Level 5 of the Dungeon
  4753 | D:5      | Found a basalt altar of Yredelemnul.
  4753 | D:5      | Found an iron altar of Okawaru.
  4933 | D:5      | Reached XP level 7. HP: 46/67 MP: 6/6
  5104 | D:5      | Noticed Prince Ribbit
  5141 | D:5      | Mangled by Prince Ribbit

Illustrated notes

Levels and vault maps discovered:
D:1:      lightli_arrival_statue_moat, layout_basic
D:2:      wad_lake_hut, layout_basic, minivault_5, chequers_big_river,
          grunt_ministairs_1, nrook_mini_backslash
D:3:      layout_basic, amethyst_overflow_temple_binary,
          chequers_ecumenical_altar_twisty, kennysheep_another_room
D:4:      layout_loops_ring
D:5:      layout_basic, gammafunk_temple_overflow_pools, minmay_misc_feat_x,
          hangedman_abyss_or_decor_lesser_grid, uniq_prince_ribbit1

Skill      XL: |  1  2  3  4  5  6 |
---------------+-------------------+-----
Fighting       | 1 2 3 |  3.4
Maces & Flails | 1 2 3 |  3.9
Armour         | 1 2 3 |  3.5
Dodging        | |  1.9
Stealth        | |  0.3
Evocations     | |  2.9

Action                   |  1- 3 |  4- 6 |  7- 9 || total
-------------------------+-------+-------+-------++-------
Melee: Club              |    90 |       |       ||    90
       Whip              |    85 |       |       ||    85
       Dagger            |       |   285 |    49 ||   334
  Use: Scroll            |     6 |     5 |       ||    11
       Potion            |       |     1 |       ||     1
 Stab: Sleeping          |       |     1 |       ||     1
Armor: Robe              |    84 |    57 |     5 ||   146
Dodge: Dodged            |   132 |   165 |    15 ||   312
